 Dungeon Crawl Stone Soup version 0.30.1-10-g1249ef9ec4 (webtiles) character file.

Game seed: 13921846411630360426

191 lonewolfV2 the Ducker (level 5, -3/41 HPs)
             Began as a Demonspawn Fighter on Oct 26, 2023.
             Killed by divine providence
             ... invoked by an orc priest
              (10 damage)
             ... on level 3 of the Dungeon.
             The game lasted 00:03:14 (2989 turns).

lonewolfV2 the Ducker (Demonspawn Fighter)          Turns: 2989, Time: 00:03:14

Health: -3/41      AC:  7    Str: 18    XL:     5   Next: 41%
Magic:  0/5        EV: 10    Int: 10    God:
Gold:   131        SH:  4    Dex: 12    Spells: 4/4 levels left

rFire   . . .        a - +0 war axe
rCold   . . .        c - +0 buckler
rNeg    . . .        b - +0 scale mail
rPois   .            (no helmet)
rElec   .            (no cloak)
rCorr   .            (no gloves)
SInv    .            (no boots)
Will    .....        f - amulet of guardian spirit Stlth
                     (no ring)
HPRegen 0.26/turn    (no ring)
MPRegen 0.09/turn

%: guardian spirit
@: no status effects
A: hooves 1, ignite blood 1
a: no special abilities


You were on level 3 of the Dungeon.
You visited 1 branch of the dungeon, and saw 3 of its levels.

You collected 131 gold pieces.

Inventory:

Hand Weapons
 a - a +0 war axe (weapon)
Armour
 b - a +0 scale mail (worn)
 c - a +0 buckler (worn)
Jewellery
 e - an amulet of magic regeneration
 f - an amulet of guardian spirit (around neck)
 o - an amulet of faith
Wands
 k - a wand of paralysis (5)
 m - a wand of roots (10)
Scrolls
 n - a scroll of identify
Potions
 d - a potion of might
 g - a potion of haste {unknown}
 h - a potion of attraction
 j - a potion of lignification
 l - a potion of resistance


   Skills:
 - Level 3.0 Fighting
 - Level 1.7 Axes
 + Level 3.8 Armour
 * Level 3.8 Dodging
 - Level 2.6 Shields


You had 4 spell levels left.
You didn't know any spells.
Your spell library contained the following spells:

 Spells                   Type           Power      Damage    Failure   Level
 Blink                    Tloc           0%         N/A       92%         2
 Manifold Assault         Tloc           0%         N/A       100%        4
 Storm Form               Tmut/Air       0%         N/A       100%        7


Dungeon Overview and Level Annotations

Branches:
Dungeon (3/15)

Altars:


Innate Abilities, Weirdness & Mutations

You have large cloven feet.
Your demonic aura sometimes causes spilled blood to erupt in flames.


Message History

Things that are here:
a +0 club; an orc corpse Unknown command.
You closely miss the orc priest. You kick the orc priest.
The orc priest is moderately wounded.
You hit the orc. You hit the orc priest. The orc hits you with a +0 dagger.
The orc priest looks braver for a moment.
The orc priest barely misses you.
You slash the orc priest!
The orc priest is almost dead.
You closely miss the orc. You closely miss the orc priest.
The orc barely misses you.
The orc priest miscasts a cantrip.
The orc priest barely misses you. The orc hits you with a +0 dagger.
The orc priest hits you with a +0 hand axe. x2
You barely miss the orc priest.
The orc priest is almost dead.
You closely miss the orc priest. You barely miss the orc.
The orc hits you with a +0 dagger.
The orc priest looks encouraged for a moment.
The orc priest hits you with a +0 hand axe.
* * * LOW HITPOINT WARNING * * *
You barely miss the orc priest. Your kick misses the orc priest.
The orc priest is almost dead.
You closely miss the orc priest. You slash the orc!
You kill the orc!
The orc priest hits you with a +0 hand axe.
* * * LOW HITPOINT WARNING * * *
The orc priest looks encouraged for a moment.
The orc priest looks braver for a moment.
The orc priest looks satisfied for a moment.
You feel better.
The orc priest invokes the aid of Beogh against you.
Beogh smites you!
* * * LOW HITPOINT WARNING * * *
You block the orc priest's attack.
You feel better.
The orc priest calls down the wrath of Beogh upon you.
Beogh smites you!
You die...

#.#.....##.#........ ##...###...
##.##.#.##.#....####.#..#...###.
#.##.#.......#.....##.####...##
#.##......##...#####..#..###...
#>###########.## ##.##....##.#
#.# #.# #..#..#..#..# ##.#
#######.# ##.##...)##.## #..#
#......o##.#...###..'..#. #.##
#.......@oo#'#...####.##. #.#
#/.....°##.#.###...#..#.. #.#
#.......# ##...###...##.# #.###
#.......# #.)#...###.#... #...#
#.......###.####...#####.
##...####........#..#†.#'#...#.##
...........#######)##....##.##...
.##...####.# #..#..#..#..#..#. .
#...####.# ####)##....##.##.###


You could see 2 orc priests and an orc.

Vanquished Creatures
  An orc priest (D:3)
  7 adders
  A worm (D:3)
  3 dart slugs
  5 orcs (D:3)
  9 ball pythons
  8 endoplasms
  3 giant cockroaches
  7 goblins
  5 hobgoblins
  10 jackals (D:1)
  4 quokkas
  8 bats
  A frilled lizard (D:1)
  4 kobolds
  3 rats
79 creatures vanquished.

Notes
Turn   | Place    | Note
-------+----------+-------------------------------------------
     0 | D:1      | lonewolfV2 the Demonspawn Fighter began the quest for the
                  | Orb.
     0 | D:1      | Reached XP level 1. HP: 18/18 MP: 1/1
    30 | D:1      | Reached skill level 1 in Dodging
    71 | D:1      | Gained mutation: You have large cloven feet. [demonic
                  | ancestry]
    71 | D:1      | Reached XP level 2. HP: 24/24 MP: 2/2
   225 | D:1      | Gained mutation: Your demonic aura sometimes causes spilled
                  | blood to erupt in flames. [demonic ancestry]
   225 | D:1      | Reached XP level 3. HP: 29/29 MP: 3/3
   723 | D:2      | Reached XP level 4. HP: 35/35 MP: 4/4
  1957 | D:3      | Reached XP level 5. HP: 40/41 MP: 5/5
  2988 | D:3      | HP: 1/41 [orc priest/divine providence (12)]
  2989 | D:3      | Killed from afar by an orc priest

Illustrated notes

Levels and vault maps discovered:
D:1:      wander_arrival_fairy_ring, layout_rooms,
          nicolae_concentric_dashed_squares_mild
D:2:      layout_loops_corners
D:3:      minmay_skewed_foursquare, layout_loops_cross

Skill      XL: |  1  2  3  4 |
---------------+-------------+-----
Dodging        | 1 2 3 |  3.8
Armour         | 3 |  3.8
Fighting       | |  3.0
Axes           | |  1.7
Shields        | |  2.6

Action                     |  1- 3 |  4- 6 || total
---------------------------+-------+-------++-------
  Melee: War axe           |    71 |   101 ||   172
         Kick              |    10 |    22 ||    32
    Use: Scroll            |     1 |     6 ||     7
         Potion            |       |     2 ||     2
 Armour: Scale mail        |    57 |    50 ||   107
  Dodge: Dodged            |    70 |    61 ||   131
  Block: Buckler           |    23 |    32 ||    55
